 Dungeon Crawl Stone Soup version 0.27.0-1-g7a089689b8 (webtiles) character file.

Game seed: 12993475115012066635

137015 PBDoughboyy the Thaumaturge (level 17, -7/133 HPs)
             Began as a Gnoll Warper on Aug 6, 2021.
             Was the Champion of Kikubaaqudgha.
             Killed from afar by a quicksilver dragon (39 damage)
             ... with a bolt of dispelling energy
             ... on level 4 of the Snake Pit on Aug 8, 2021.
             The game lasted 06:59:35 (38274 turns).

PBDoughboyy the Thaumaturge (Gnoll Warper)         Turns: 38274, Time: 06:59:36

Health: -7/133     AC: 29    Str: 11    XL:     17   Next: 23%
Magic:  10/33      EV: 12    Int: 16    God:    Kikubaaqudgha [******]
Gold:   2627       SH:  9    Dex: 13    Spells: 4/40 levels left

rFire    x . .     SeeInvis +   y - +8 whip of Responsibility {protect, rElec Will+ Int-2 SInv}
rCold    + + +     Faith    .   k - +2 buckler {rC+}
rNeg     . . .     Spirit   .   s - +2 ice dragon scales
rPois    +         Reflect  .   N - +2 helmet
rElec    +         Harm     .   U - +2 cloak {Stlth+}
rCorr    .         Rampage  .   z - +2 pair of gloves {Stlth+}
Will     ++...                  Q - +2 pair of boots {Stlth+}
Stlth    ++++++....             L - amulet of regeneration
HPRegen  1.32/turn              r - ring of poison resistance
MPRegen  0.23/turn              V - ring of wizardry

@: no status effects
A: fangs 1, strong nose, distributed training
a: Renounce Religion, Receive Corpses, Torment


You were on level 4 of the Snake Pit.
You worshipped Kikubaaqudgha.
Kikubaaqudgha was exalted by your worship.
You visited 5 branches of the dungeon, and saw 27 of its levels.
You also visited: Bailey and Ice Cave.

You collected 2702 gold pieces.
You spent 75 gold pieces at shops.

Inventory:

Hand Weapons
 y - the +8 whip of Responsibility (weapon) {protect, rElec Will+ Int-2 SInv}
   (You found it in an ice cave)

   It grants its wielder temporary protection when it strikes (+7 to AC).
   Int:       It affects your intelligence (-2).
   rElec:     It insulates you from electricity.
   SInv:      It lets you see invisible.
   Will:      It increases your willpower.
Missiles
 d - 5 boomerangs of dispersal
 h - 3 atropa-tipped darts
 n - 41 poisoned darts (quivered)
Armour
 k - a +2 buckler of cold resistance (worn)
 s - +2 ice dragon scales (worn)
 z - a +2 pair of gloves of stealth (worn)
 N - a +2 helmet (worn)
 Q - a +2 pair of boots of stealth (worn)
 U - a +2 cloak of stealth (worn)
Jewellery
 l - a ring of fire
 r - a ring of poison resistance (left hand)
 C - a ring of resist corrosion
 L - an amulet of regeneration (around neck)
 R - a ring of see invisible
 V - a ring of wizardry (right hand)
Wands
 v - a wand of digging (5)
 x - a wand of polymorph (23)
 F - a wand of mindburst (16)
 I - a wand of flame (75)
 J - a wand of iceblast (16)
 K - a wand of paralysis (11)
 P - a wand of acid (14)
Scrolls
 a - 2 scrolls of summoning {unknown}
 b - a scroll of identify
 c - 3 scrolls of blinking
 f - 6 scrolls of teleportation
 g - 5 scrolls of magic mapping {unknown}
 m - 3 scrolls of vulnerability {unknown}
 o - a scroll of brand weapon {unknown}
 A - 2 scrolls of silence {unknown}
 E - 2 scrolls of immolation {unknown}
 H - 3 scrolls of fog {unknown}
 O - a scroll of torment {unknown}
 T - 3 scrolls of enchant weapon {unknown}
Potions
 e - 7 potions of ambrosia
 i - 2 potions of attraction
 q - 11 potions of curing
 t - 3 potions of brilliance
 u - 4 potions of cancellation
 w - 5 potions of berserk rage {unknown}
 B - a potion of might {unknown}
 D - 2 potions of lignification
 G - 2 potions of haste
 M - 4 potions of resistance
 S - 5 potions of heal wounds
 W - 4 potions of flight
 X - 3 potions of magic
Miscellaneous
 p - a phantom mirror
 Y - a condenser vane
 Z - a tin of tremorstones (2/2)


   Skills:
 + Level 12.1 Fighting
 + Level 11.3 Short Blades
 + Level 12.1 Long Blades
 + Level 11.3 Axes
 + Level 11.3 Maces & Flails
 + Level 11.3 Polearms
 + Level 11.3 Staves
 + Level 11.3 Slings
 + Level 11.3 Bows
 + Level 11.3 Crossbows
 + Level 11.6 Throwing
 + Level 11.6 Armour
 + Level 12.1 Dodging
 + Level 11.3 Stealth
 + Level 11.3 Shields
 + Level 11.3 Unarmed Combat
 + Level 12.3 Spellcasting
 + Level 9.7 Conjurations
 + Level 9.7 Hexes
 + Level 9.7 Summonings
 + Level 9.7 Necromancy
 + Level 11.0 Translocations
 + Level 9.7 Transmutations
 + Level 9.7 Fire Magic
 + Level 9.7 Ice Magic
 + Level 9.7 Air Magic
 + Level 9.7 Earth Magic
 + Level 9.7 Poison Magic
 + Level 12.2 Invocations
 + Level 11.3 Evocations


You had 4 spell levels left.
You knew the following spells:

 Your Spells              Type           Power      Damage    Failure   Level
a - Blink                 Tloc           N/A        N/A       1%          2
b - Teleport Other        Tloc           45%        N/A       1%          3
c - Animate Skeleton      Necr           80%        N/A       1%          1
d - Vampiric Draining     Necr           20%        2d8       1%          3
e - Gell's Gravitas       Tloc           22%        N/A       1%          3
f - Passwall              Tmut/Erth      33%        N/A       1%          2
g - Poisonous Vapours     Pois/Air       80%        N/A       1%          2
h - Passage of Golubria   Tloc           N/A        N/A       1%          4
i - Frozen Ramparts       Ice            80%        1d10      1%          3
j - Manifold Assault      Tloc           45%        N/A       4%          5
k - Fulminant Prism       Conj/Hex       20%        3d13      2%          4
l - Hailstorm             Conj/Ice       40%        3d10      2%          4

Your spell library contained the following spells:

 Spells                   Type           Power      Damage    Failure   Level
 Freeze                   Ice            100%       1d11      1%          1
 Magic Dart               Conj           100%       1d8       1%          1
 Pain                     Necr           100%       1d9       1%          1
 Corpse Rot               Necr/Air       N/A        N/A       1%          2
 Searing Ray              Conj           80%        3d6       1%          2
 Sublimation of Blood     Necr           20%        N/A       1%          2
 Lesser Beckoning         Tloc           22%        N/A       1%          3
 Swiftness                Air            40%        N/A       1%          3
 Dispel Undead            Necr           40%        3d16      2%          4
 Summon Ice Beast         Ice/Summ       40%        N/A       2%          4
 Agony                    Necr           40%        N/A       8%          5
 Alistair's Intoxication  Tmut/Pois      26%        N/A       8%          5
 Borgnjor's Vile Clutch   Necr/Erth      20%        N/A       8%          5
 Excruciating Wounds      Necr           20%        N/A       8%          5
 Freezing Cloud           Conj/Ice/Air   20%        6-21      8%          5
 Iskenderun's Battlesphe  Conj           40%        2d9       8%          5
 Silence                  Hex/Air        20%        N/A       8%          5
 Summon Mana Viper        Hex/Summ       40%        N/A       8%          5
 Death Channel            Necr           20%        N/A       38%         6
 Eringya's Noxious Bog    Tmut/Pois      20%        N/A       38%         6
 Invisibility             Hex            20%        N/A       38%         6
 Iron Shot                Conj/Erth      20%        9d5       38%         6
 Simulacrum               Ice/Necr       20%        N/A       38%         6
 Haunt                    Necr/Summ      20%        N/A       90%         7
 Monstrous Menagerie      Summ           20%        N/A       90%         7
 Spellforged Servitor     Conj/Summ      20%        N/A       90%         7
 Borgnjor's Revivificati  Necr           20%        N/A       100%        8
 Infestation              Necr           20%        N/A       100%        8
 Lehudib's Crystal Spear  Conj/Erth      20%        10d6      100%        8
 Necromutation            Tmut/Necr      20%        N/A       100%        8
 Death's Door             Necr           20%        N/A       100%        9


Dungeon Overview and Level Annotations

Branches:
Dungeon (14/15)            Temple (1/1) D:6            Lair (6/6) D:9
  Swamp (0/4) Lair:2        Snake (4/4) Lair:2        Slime (0/5) Lair:6
    Orc (2/2) D:12         Bailey (visited)           IceCv (visited)
    Elf: Orc:2       Vaults: D:13-14

Altars:
Ashenzari
Cheibriados
Dithmenos
Elyvilon
Fedhas
Gozag
Hepliaklqana
Kikubaaqudgha
Makhleb
Nemelex Xobeh
Okawaru
Qazlal
Ru
Sif Muna
Trog
Uskayaw
Vehumet
Wu Jian
Xom
Yredelemnul
Zin
The Shining One
Beogh

Shops:
D:4 (   Snake:2 :   Snake:4 **:

Annotations:
Lair:1 3 runed translucent doors, Rassilon's ghost, journeyman VSBe
Lair:6 1 runed translucent door, dnasty's ghost, journeyman DECj
Orc:2 Saint Roka


Innate Abilities, Weirdness & Mutations

You have very sharp teeth.
Your uncanny sense of smell can sniff out nearby items.
Your experience applies equally to all skills.


Message History

The quicksilver dragon enters the passage of Golubria.
Unknown command.
As you read the scroll of teleportation, it crumbles to dust.
You feel strangely unstable.
Unknown command.
Casting: Passage of Golubria (mildly dangerous; 1% risk of failure)
Confirm with . or Enter, or press ? or * to list all spells.
Aiming: Passage of Golubria (mildly dangerous; 1% risk of failure)
Press: ? - help, Dir - move target
Okay, then.
The quicksilver dragon breathes dispelling energy at you.
The bolt of dispelling energy misses you.
You see here a +0 short sword.
Casting: Passage of Golubria (mildly dangerous; 1% risk of failure)
Confirm with . or Enter, or press ? or * to list all spells.
You blink.
Your surroundings seem slightly different.
The quicksilver dragon breathes dispelling energy at you.
The bolt of dispelling energy hits you!
The quicksilver dragon bites you but does no damage.
The quicksilver dragon closely misses you.
You block the quicksilver dragon's attack.
The quicksilver dragon barely misses you.
You whack the quicksilver dragon!
Your weapon exudes an aura of protection.
The quicksilver dragon is lightly wounded.
The quicksilver dragon breathes dispelling energy at you.
The bolt of dispelling energy hits you!!
* * * LOW HITPOINT WARNING * * *
The quicksilver dragon misses you.
The quicksilver dragon claws you but does no damage.
The quicksilver dragon bites you.
* * * LOW HITPOINT WARNING * * *
The quicksilver dragon claws you but does no damage.
The quicksilver dragon closely misses you.
You block the quicksilver dragon's attack.
The quicksilver dragon breathes dispelling energy at you.
The bolt of dispelling energy hits you!!!
You die...
Kikubaaqudgha rasps: "You have failed me!
Welcome... death!"

.# #...#...# ##.[..D[ .#
####.###.####..[###[ .#
#####.#....^..#.###[# #)
.# #.......∩.∩.∩.....[)#
## .#
#.###.#....D..#.##### #
.# #.######.###.#### #
.## #.....#DD.#...# #
..## ##....#..###..#
...#######.....#@?# #.[#
..............##.## ##.#
...............#.# #.#
.........###...#.#####.#
......#### ##..........#
.##..## ##[#########
####.## #[# #..# ##[####
#..## ##.....##


You could see 2 quicksilver dragons.

Vanquished Creatures
  Rupert (D:13)
  5 nagarajas
  Nessos (Lair:5)
  Josephine (Lair:5)
  A fire dragon (Lair:6)
  Snorg (D:13)
  A great orb of eyes (Lair:6)
  2 boulder beetles
  3 salamander tyrants
  7 hydras
  9 naga warriors
  A centaur warrior (D:13)
  4 anacondas
  2 two-headed ogres
  A death knight (D:13)
  A catoblepas (D:13)
  2 orc high priests (Orc:2)
  5 shock serpents
  8 naga sharpshooters
  Urug (Lair:5)
  2 skeletal warriors (D:13)
  A swamp dragon (Lair:6)
  3 naga ritualists
  3 lindwurms
  A phantasmal warrior (D:13)
  A deep elf pyromancer (D:13)
  An orc knight (Bailey)
  11 mana vipers
  An orc sorcerer (Orc:2)
  An ugly thing (D:13)
  3 cyclopes
  6 salamanders
  A manticore (D:11)
  4 oklob plants (Lair:4)
  An ice statue (IceCv)
  16 elephants
  9 naga magi
  2 guardian serpents
  5 torpor snails (Lair:6)
  24 black mambas
  22 cane toads
  An unseen horror (D:12)
  12 komodo dragons
  6 rime drakes
  A yaktaur (D:14)
  A freezing wraith (D:13)
  2 kobold demonologists
  2 anaconda simulacra (IceCv)
  An efreet (D:14)
  2 entropy weaver simulacra (IceCv)
  A queen bee (Lair:4)
  A troll (shapeshifter) (D:11)
  2 trolls (D:12)
  4 meliai
  A polar bear (Lair:4)
  4 tyrant leeches
  7 hornets (Lair:6)
  Grinder (D:7)
  18 slime creatures
  37 blink frogs
  18 dream sheep
  A centaur simulacrum (D:13)
  2 shadows (D:11)
  5 wyverns
  A vampire (D:12)
  7 wraiths
  38 yaks
  A death yak simulacrum (IceCv)
  Grum (D:9)
  6 vampire mosquitoes (D:12)
  7 basilisks
  Menkaure (D:5)
  2 steam dragons (D:6)
  3 harpy simulacra (IceCv)
  32 nagas
  A warg (Orc:2)
  3 acid dragons (Lair:6)
  5 swamp worms
  12 water moccasins
  16 orc warriors
  3 black bears
  2 swamp drakes (Lair:6)
  An ice beast (D:6)
  4 sky beasts
  2 necrophages
  7 wolves
  5 ogres
  10 centaurs
  2 phantoms
  9 kobold brigands
  17 bullfrogs
  5 gnoll sergeants
  5 scorpions
  8 two-headed ogre simulacra (IceCv)
  2 cane toad simulacra (IceCv)
  2 elephant simulacra (IceCv)
  24 killer bees
  An electric eel (D:12)
  4 howler monkeys
  A bullfrog zombie (D:7)
  5 centaur zombies
  2 hounds
  24 orc priests
  Crazy Yiuf (D:6)
  3 bullfrog skeletons
  5 jellies
  A centaur skeleton (D:6)
  Ijyb (D:4)
  3 iguanas
  25 orc wizards
  8 troll simulacra (IceCv)
  A polar bear simulacrum (IceCv)
  2 wolf simulacra (IceCv)
  6 spriggan simulacra (IceCv)
  3 howler monkey zombies
  10 adders
  9 gnolls
  4 naga simulacra (IceCv)
  7 white imps
  3 ufetubi (IceCv)
  An adder skeleton (D:4)
  A worm (D:2)
  2 dart slugs (D:2)
  49 orcs
  6 bats
  9 endoplasms
  2 giant cockroaches (D:1)
  14 goblins
  3 hobgoblins
  5 jackals
  2 quokkas
  4 ball pythons
  3 frilled lizards
  30 kobolds
  A rat (D:2)
  12 briar patches (Lair:3)
822 creatures vanquished.

Vanquished Creatures (collateral kills)
  3 blink frogs (Lair:1)
  A kobold brigand (D:12)
  An orc priest (D:7)
  4 orcs
9 creatures vanquished.

Vanquished Creatures (others)
  A reaper (IceCv)
  A naga warrior (Snake:3)
  A salamander tyrant (Snake:4)
  A manticore (D:12)
  A troll (D:10)
  A water elemental (D:12)
  An ogre (D:12)
  An orc priest (D:4)
  An orc wizard (Orc:2)
  2 gnolls (D:12)
  An orc (D:12)
  A kobold (D:12)
  106 fulminant prisms
  66 fungi
  133 plants
318 creatures vanquished.

Grand Total: 1149 creatures vanquished

Notes
Turn   | Place    | Note
-------+----------+-------------------------------------------
     0 | D:1      | PBDoughboyy the Gnoll Warper began the quest for the Orb.
     0 | D:1      | Reached XP level 1. HP: 20/20 MP: 6/6
    62 | D:1      | Found a faded altar of an unknown god.
    92 | D:1      | Became a worshipper of Kikubaaqudgha
    92 | D:1      | Reached * piety under Kikubaaqudgha
    92 | D:1      | Received a gift from Kikubaaqudgha
   445 | D:1      | Reached XP level 2. HP: 6/26 MP: 7/7
   717 | D:1      | Learned a level 2 spell: Blink
  1403 | D:2      | Reached skill level 5 in Spellcasting
  1403 | D:2      | Reached XP level 3. HP: 23/31 MP: 7/9
  1859 | D:2      | Reached skill level 1 in Invocations
  2038 | D:2      | Reached skill level 1 in Short Blades
  2038 | D:2      | Reached skill level 1 in Axes
  2038 | D:2      | Reached skill level 1 in Maces & Flails
  2038 | D:2      | Reached skill level 1 in Polearms
  2038 | D:2      | Reached skill level 1 in Staves
  2038 | D:2      | Reached skill level 1 in Slings
  2038 | D:2      | Reached skill level 1 in Bows
  2038 | D:2      | Reached skill level 1 in Crossbows
  2038 | D:2      | Reached skill level 1 in Stealth
  2038 | D:2      | Reached skill level 1 in Shields
  2038 | D:2      | Reached skill level 1 in Unarmed Combat
  2038 | D:2      | Reached skill level 1 in Evocations
  2180 | D:2      | Reached ** piety under Kikubaaqudgha
  2181 | D:2      | Reached XP level 4. HP: 38/38 MP: 11/11
  2371 | D:2      | Learned a level 3 spell: Teleport Other
  3086 | D:3      | Reached skill level 1 in Conjurations
  3086 | D:3      | Reached skill level 1 in Hexes
  3086 | D:3      | Reached skill level 1 in Summonings
  3086 | D:3      | Reached skill level 1 in Necromancy
  3086 | D:3      | Reached skill level 1 in Transmutations
  3086 | D:3      | Reached skill level 1 in Fire Magic
  3086 | D:3      | Reached skill level 1 in Ice Magic
  3086 | D:3      | Reached skill level 1 in Air Magic
  3086 | D:3      | Reached skill level 1 in Earth Magic
  3086 | D:3      | Reached skill level 1 in Poison Magic
  3306 | D:3      | Found a snail-covered altar of Cheibriados.
  3655 | D:4      | Found an ornate altar of the Wu Jian Council.
  3673 | D:4      | Reached XP level 5. HP: 34/43 MP: 12/12
  3924 | D:4      | Noticed Ijyb
  3975 | D:4      | Killed Ijyb
  4173 | D:4      | Found a basalt altar of Yredelemnul.
  4533 | D:4      | Reached XP level 6. HP: 46/50 MP: 13/13
  4661 | D:4      | Found Ybucruh's Weapon Shoppe.
  4881 | D:4      | Noticed a necrophage
  4896 | D:4      | Killed a necrophage
  4897 | D:4      | Reached skill level 5 in Fighting
  4897 | D:4      | Reached skill level 5 in Long Blades
  4897 | D:4      | Reached skill level 5 in Dodging
  5220 | D:5      | Entered Level 5 of the Dungeon
  5474 | D:5      | Noticed a sky beast
  5485 | D:5      | Killed a sky beast
  5486 | D:5      | Reached XP level 7. HP: 30/56 MP: 15/15
  6325 | D:5      | Found a glowing silver altar of Zin.
  6348 | D:5      | You fall into a shaft and drop 3 floors!
  6876 | D:8      | Reached XP level 8. HP: 20/63 MP: 16/16
  7178 | D:8      | Reached *** piety under Kikubaaqudgha
  7178 | D:8      | Received a gift from Kikubaaqudgha
  7499 | D:8      | Learned a level 1 spell: Animate Skeleton
  7601 | D:8      | HP: 1/63 [orc warrior (10)]
  8052 | D:7      | Noticed a slime creature
  8052 | D:7      | Noticed a slime creature
  8052 | D:7      | Noticed a slime creature
  8096 | D:7      | Killed a slime creature
  8157 | D:6      | Noticed a wyvern
  8505 | D:5      | Found a bloodstained altar of Trog.
  8509 | D:5      | Noticed Menkaure
  8521 | D:5      | Killed Menkaure
  8657 | D:5      | Reached XP level 9. HP: 65/69 MP: 18/18
  8988 | D:6      | Learned a level 3 spell: Vampiric Draining
  8992 | D:6      | Learned a level 3 spell: Gell's Gravitas
  9047 | D:6      | Reached skill level 5 in Throwing
  9047 | D:6      | Reached skill level 5 in Armour
  9073 | D:6      | Noticed Grinder
  9157 | D:6      | Found a runed translucent door.
  9158 | D:6      | Noticed Crazy Yiuf
  9172 | D:6      | Killed Crazy Yiuf
  9331 | D:7      | Reached **** piety under Kikubaaqudgha
  9527 | D:7      | Reached skill level 5 in Invocations
  9954 | D:7      | Reached XP level 10. HP: 51/77 MP: 20/20
 10342 | D:7      | Paralysed by Grinder for 2 turns
 10358 | D:7      | Killed Grinder
 10359 | D:7      | Reached skill level 5 in Short Blades
 10359 | D:7      | Reached skill level 5 in Axes
 10359 | D:7      | Reached skill level 5 in Maces & Flails
 10359 | D:7      | Reached skill level 5 in Polearms
 10359 | D:7      | Reached skill level 5 in Staves
 10359 | D:7      | Reached skill level 5 in Slings
 10359 | D:7      | Reached skill level 5 in Bows
 10359 | D:7      | Reached skill level 5 in Crossbows
 10359 | D:7      | Reached skill level 5 in Stealth
 10359 | D:7      | Reached skill level 5 in Shields
 10359 | D:7      | Reached skill level 5 in Unarmed Combat
 10359 | D:7      | Reached skill level 5 in Evocations
 10692 | D:6      | Found a white marble altar of Elyvilon.
 10772 | D:6      | Found a staircase to the Ecumenical Temple.
 10778 | Temple   | Entered the Ecumenical Temple
 11110 | D:8      | Found a hazy altar of Hepliaklqana.
 11610 | D:9      | Learned a level 2 spell: Passwall
 11636 | D:9      | Noticed a two-headed ogre
 11693 | D:9      | Killed a two-headed ogre
 11988 | D:9      | Noticed Grum
 12020 | D:9      | Killed Grum
 12283 | D:9      | Found a staircase to the Lair.
 12390 | D:10     | Entered Level 10 of the Dungeon
 12409 | D:9      | Reached XP level 11. HP: 71/84 MP: 22/22
 12712 | D:10     | Learned a level 2 spell: Poisonous Vapours
 12717 | D:10     | Learned a level 4 spell: Passage of Golubria
 12727 | D:10     | Learned a level 3 spell: Frozen Ramparts
 13325 | D:11     | Noticed a manticore
 13335 | D:11     | Killed a manticore
 13336 | D:11     | Reached skill level 5 in Conjurations
 13336 | D:11     | Reached skill level 5 in Hexes
 13336 | D:11     | Reached skill level 5 in Summonings
 13336 | D:11     | Reached skill level 5 in Necromancy
 13336 | D:11     | Reached skill level 5 in Transmutations
 13336 | D:11     | Reached skill level 5 in Fire Magic
 13336 | D:11     | Reached skill level 5 in Ice Magic
 13336 | D:11     | Reached skill level 5 in Air Magic
 13336 | D:11     | Reached skill level 5 in Earth Magic
 13336 | D:11     | Reached skill level 5 in Poison Magic
 13519 | D:11     | Found a blossoming altar of Fedhas.
 14011 | D:11     | Reached ***** piety under Kikubaaqudgha
 14409 | D:12     | Noticed a sixfirhy
 15518 | D:12     | Noticed a manticore
 15586 | D:12     | Noticed a two-headed ogre
 15598 | D:12     | Killed a two-headed ogre
 15697 | D:12     | Killed a manticore
 15866 | D:12     | Reached XP level 12. HP: 84/94 MP: 21/24
 15915 | D:12     | Found a staircase to the Orcish Mines.
 16209 | D:13     | Noticed a catoblepas
 16293 | Orc:1    | Entered Level 1 of the Orcish Mines
 16371 | Orc:1    | Found a flagged portal.
 16413 | Bailey   | Entered a bailey
 17441 | Orc:2    | Entered Level 2 of the Orcish Mines
 17631 | Orc:2    | Noticed an orc high priest
 17646 | Orc:2    | Noticed a sun demon
 17646 | Orc:2    | Noticed a sun demon
 17648 | Orc:2    | Killed an orc high priest
 17662 | Orc:2    | Noticed an orc high priest
 17670 | Orc:2    | Reached ****** piety under Kikubaaqudgha
 17678 | Orc:2    | Killed an orc high priest
 17734 | Orc:2    | Noticed an orc high priest
 17755 | Orc:2    | Noticed Saint Roka
 17897 | Lair:1   | Entered Level 1 of the Lair of Beasts
 17906 | D:9      | Learned a level 5 spell: Manifold Assault
 17920 | Lair:1   | Noticed Rassilon's ghost (journeyman VSBe)
 17920 | Lair:1   | Noticed a minotaur
 18554 | Lair:1   | Found a runed translucent gate.
 18555 | Lair:1   | Found a runed translucent gate.
 18557 | Lair:1   | Found a runed translucent gate.
 19138 | Lair:2   | Reached XP level 13. HP: 62/101 MP: 18/26
 19470 | Lair:2   | Found a staircase to the Snake Pit.
 19926 | Lair:2   | Found a staircase to the Swamp.
 20369 | Lair:3   | Found a transporter.
 20393 | Lair:3   | You fall into a shaft and drop 1 floor!
 20512 | Lair:3   | Found a frozen archway.
 20519 | IceCv    | Entered an ice cave
 21361 | IceCv    | Noticed a reaper
 21616 | IceCv    | Killed a reaper
 21724 | IceCv    | Identified the +8 whip of Responsibility {protect, rElec
                  | Will+ Int-2 SInv}
 22152 | Lair:3   | Reached skill level 10 in Spellcasting
 22361 | Lair:3   | Found a transporter.
 23035 | Lair:3   | Reached XP level 14. HP: 109/109 MP: 20/28
 23195 | Lair:4   | Reached skill level 10 in Fighting
 23195 | Lair:4   | Reached skill level 10 in Long Blades
 23195 | Lair:4   | Reached skill level 10 in Dodging
 23942 | Lair:4   | Learned a level 4 spell: Fulminant Prism
 24553 | Lair:5   | Reached skill level 10 in Invocations
 24599 | Lair:5   | Noticed Urug
 24697 | Lair:5   | Noticed Nessos
 24738 | Lair:5   | Killed Nessos
 24986 | Lair:5   | Killed Urug
 25387 | Lair:5   | Noticed Josephine
 25478 | Lair:5   | Killed Josephine
 25630 | Lair:5   | Found an iron altar of Okawaru.
 26286 | Lair:6   | Entered Level 6 of the Lair of Beasts
 26703 | Lair:5   | Reached skill level 10 in Throwing
 26703 | Lair:5   | Reached skill level 10 in Armour
 26863 | Lair:6   | Reached XP level 15. HP: 104/117 MP: 24/29
 27130 | Lair:6   | Found a staircase to the Slime Pits.
 27403 | Lair:6   | Reached skill level 10 in Translocations
 28032 | Lair:6   | Reached skill level 10 in Short Blades
 28032 | Lair:6   | Reached skill level 10 in Axes
 28032 | Lair:6   | Reached skill level 10 in Maces & Flails
 28032 | Lair:6   | Reached skill level 10 in Polearms
 28032 | Lair:6   | Reached skill level 10 in Staves
 28032 | Lair:6   | Reached skill level 10 in Slings
 28032 | Lair:6   | Reached skill level 10 in Bows
 28032 | Lair:6   | Reached skill level 10 in Crossbows
 28032 | Lair:6   | Reached skill level 10 in Stealth
 28032 | Lair:6   | Reached skill level 10 in Shields
 28032 | Lair:6   | Reached skill level 10 in Unarmed Combat
 28032 | Lair:6   | Reached skill level 10 in Evocations
 28264 | Lair:6   | Learned a level 4 spell: Hailstorm
 28776 | Lair:6   | Found a runed translucent door.
 28882 | Lair:6   | Paralysed by a hornet for 2 turns
 28887 | Lair:6   | Paralysed by a hornet for 2 turns
 29488 | Lair:6   | Found a shimmering altar of Xom.
 29576 | Lair:6   | Found a runed translucent door.
 29577 | Lair:6   | Found a shimmering altar of Xom.
 29577 | Lair:6   | Noticed dnasty's ghost (journeyman DECj)
 29577 | Lair:6   | Identified the +7 scythe of Dull Defence {chaos, rC+ Dex+2}
 30517 | D:13     | Noticed Snorg
 30526 | D:13     | Killed Snorg
 30607 | D:13     | Noticed Rupert
 30728 | D:13     | Paralysed by Rupert for 3 turns
 30753 | D:13     | Killed Rupert
 31826 | Lair:2   | Reached XP level 16. HP: 125/125 MP: 28/31
 31833 | Snake:1  | Entered Level 1 of the Snake Pit
 33199 | Snake:1  | Received a gift from Kikubaaqudgha
 34568 | Snake:2  | Found Umadem's Book Shoppe.
 35827 | Snake:3  | Noticed a nagaraja
 36221 | Snake:4  | Entered Level 4 of the Snake Pit
 36333 | Snake:4  | Noticed a nagaraja
 36406 | Snake:4  | Found Jiysm's Assorted Antiques.
 36411 | Snake:4  | Found Piedyth's General Store.
 36411 | Snake:4  | Found Kiral's Book Shoppe.
 36414 | Snake:4  | Bought a potion of curing for 75 gold pieces
 36866 | Snake:3  | Killed a nagaraja
 37729 | Snake:4  | Reached XP level 17. HP: 115/133 MP: 23/33
 38249 | Snake:4  | Noticed a quicksilver dragon
 38251 | Snake:4  | Noticed a quicksilver dragon
 38274 | Snake:4  | Killed from afar by a quicksilver dragon

Illustrated notes

Levels and vault maps discovered:
D:1:      onia_arrival_mini_maze, layout_basic,
          chequers_ecumenical_altar_simple_redux, interstate_on_off,
          serial_bayou_lagoon_b
D:2:      layout_basic
D:3:      layout_rooms, mainiacjoe_overflow_surrounded_room
D:4:      layout_loops_corners, mainiacjoe_overflow_concentric_impassable,
          mainiacjoe_overflow_alcove_1, serial_shops, kennysheep_mini,
          minmay_statues_item, minmay_crystal_water, uniq_ijyb
D:5:      layout_loops_ring, mainiacjoe_overflow_paths, amcnicky_altar_gilded,
          nicolae_sextant, uniq_menkaure
D:6:      layout_rooms, lemuel_doored_altar, minmay_temple_entry_hall,
          nzn_random_ring, uniq_grinder, uniq_crazy_yiuf_cottage
D:7:      layout_loops_ring, abandoned_shop, nrook_campfire,
          minmay_misc_feat_five, corexii_leaking_fountain, corexii_checkpoint_a,
          david_defended_altar_orc
D:8:      layout_basic, worldfamousw_hep_ancestral_shrine,
          palyth_stone_intersect
D:9:      layout_big_octagon, grunt_lair_entry_orc_guard_hut, uniq_grum
D:10:     layout_irregular_city
D:11:     layout_roguey, minmay_hedge_maze, fedhas_bush_and_centaur_altar
D:12:     layout_long_grid, kennysheep_orc_monster_closet_entryway,
          serial_bayou, serial_bayou_pond_b, serial_bayou_pond_d,
          serial_bayou_ford_a, serial_bayou_crossing, lemuel_flamethrower_2
D:13:     layout_roguey, uniq_snorg, uniq_rupert
D:14:     layout_roguey, david_vaults_5, hangedman_decor_opposing, serial_bayou,
          serial_bayou_pond_a, serial_bayou_pond_e, serial_bayou_lagoon_a,
          serial_bayou_pond_d, kb_rosetta
Temple:   regret_index_temple_waves
Lair:1:   layout_cave_shapes, maelrawn_ghost_gauntlet_escape
Lair:2:   layout_loops_ring, minmay_swamp_entry_worms,
          minmay_snake_entry_guardpost_medium
Lair:3:   gammafunk_worm_tunnel, layout_cave_pods,
          portal_ice_cave_entry_pillars_1
Lair:4:   layout_layer_cave, special_room [special_room_bee],
          minmay_lair_oklob_chamber, grunt_megastairs_1, lemuel_fruit_fields,
          infiniplex_staircase_pool_2
Lair:5:   layout_roguey, lightli_volcano_entry_magma_tube, minivault_27,
          lemuel_centaur_altar, uniq_nessos, uniq_urug, uniq_josephine
Lair:6:   wormcave, layout_cellular_growth, guppyfry_lair_end_dragon,
          nicolae_slime_entry_slimehenge, basic_altar, ebering_ghost_xom,
          grunt_megastairs_3
Snake:1:  layout_misc_corridors
Snake:2:  layout_layer_cave, serial_shops, nicolae_diamond_shop
Snake:3:  layout_misc_corridors
Snake:4:  hellmonk_snake_rune_quicksilver_temple, layout_layer_cave,
          minmay_shop_star, lemuel_fruit_tree
Orc:1:    layout_diamond_mine, enter_bailey_3
Orc:2:    st_orc_mages, layout_caves, gauntlet_entry_generic,
          nicolae_alphabet_shops, lemuel_statue_altar, uniq_saint_roka

Skill      XL: |  1  2  3  4  5  6  7  8  9 10 11 12 13 14 15 16 17 |
---------------+----------------------------------------------------+-----
Spellcasting   | 5 6 7 8 9 10 11 12 | 12.3
Invocations    | 1 2 3 4 5 6 7 8 9 10 11 12 | 12.2
Short Blades   | 1 2 3 4 5 6 7 8 9 10 11 | 11.3
Axes           | 1 2 3 4 5 6 7 8 9 10 11 | 11.3
Maces & Flails | 1 2 3 4 5 6 7 8 9 10 11 | 11.3
Polearms       | 1 2 3 4 5 6 7 8 9 10 11 | 11.3
Staves         | 1 2 3 4 5 6 7 8 9 10 11 | 11.3
Slings         | 1 2 3 4 5 6 7 8 9 10 11 | 11.3
Bows           | 1 2 3 4 5 6 7 8 9 10 11 | 11.3
Crossbows      | 1 2 3 4 5 6 7 8 9 10 11 | 11.3
Stealth        | 1 2 3 4 5 6 7 8 9 10 11 | 11.3
Shields        | 1 2 3 4 5 6 7 8 9 10 11 | 11.3
Unarmed Combat | 1 2 3 4 5 6 7 8 9 10 11 | 11.3
Evocations     | 1 2 3 4 5 6 7 8 9 10 11 | 11.3
Conjurations   | 1 2 3 4 5 6 7 8 9 |  9.7
Hexes          | 1 2 3 4 5 6 7 8 9 |  9.7
Summonings     | 1 2 3 4 5 6 7 8 9 |  9.7
Necromancy     | 1 2 3 4 5 6 7 8 9 |  9.7
Transmutations | 1 2 3 4 5 6 7 8 9 |  9.7
Fire Magic     | 1 2 3 4 5 6 7 8 9 |  9.7
Ice Magic      | 1 2 3 4 5 6 7 8 9 |  9.7
Air Magic      | 1 2 3 4 5 6 7 8 9 |  9.7
Earth Magic    | 1 2 3 4 5 6 7 8 9 |  9.7
Poison Magic   | 1 2 3 4 5 6 7 8 9 |  9.7
Throwing       | 3 4 5 6 7 8 9 10 11 | 11.6
Armour         | 3 4 5 6 7 8 9 10 11 | 11.6
Fighting       | 5 6 7 8 9 10 11 12 | 12.1
Long Blades    | 5 6 7 8 9 10 11 12 | 12.1
Dodging        | 5 6 7 8 9 10 11 12 | 12.1
Translocations | 6 7 8 9 10 11 | 11.0

Action                   |  1- 3 |  4- 6 |  7- 9 | 10-12 | 13-15 | 16-18 || total
-------------------------+-------+-------+-------+-------+-------+-------++-------
Melee: Falchion          |    97 |   187 |    81 |       |       |       ||   365
       Bite              |     6 |    18 |    32 |    75 |   137 |    68 ||   336
       Spear             |       |       |   317 |   530 |       |       ||   847
       Trident           |       |       |       |   377 |  1327 |    23 ||  1727
       Whip              |       |       |       |       |       |   568 ||   568
Throw: Dart              |     2 |    56 |   139 |   212 |   327 |   130 ||   866
       Boomerang         |       |       |       |       |     9 |       ||     9
 Cast: Blink             |     7 |       |     1 |     3 |     3 |     9 ||    23
       Animate Skeleton  |       |       |    11 |    45 |     8 |     6 ||    70
       Vampiric Draining |       |       |     5 |    10 |     3 |       ||    18
       Gell's Gravitas   |       |       |     2 |     6 |     1 |       ||     9
       Frozen Ramparts   |       |       |       |    67 |   153 |    81 ||   301
       Poisonous Vapours |       |       |       |    39 |    42 |     6 ||    87
       Teleport Other    |       |       |       |     1 |     2 |       ||     3
       Passage of Golubr |       |       |       |     1 |     9 |    14 ||    24
       Manifold Assault  |       |       |       |     4 |     6 |       ||    10
       Fulminant Prism   |       |       |       |       |    62 |    44 ||   106
       Hailstorm         |       |       |       |       |     5 |     3 ||     8
Invok: Torment           |       |       |       |       |     3 |       ||     3
       Receive Corpses   |       |       |       |       |     2 |       ||     2
       Receive Forbidden |       |       |       |       |       |     1 ||     1
Evoke: Wand              |       |     3 |     3 |    11 |    20 |     1 ||    38
       Tin of tremorston |       |       |       |       |     2 |       ||     2
       Condenser vane    |       |       |       |       |     1 |       ||     1
  Use: Potion            |     1 |       |     1 |     1 |     2 |       ||     5
       Scroll            |       |       |     4 |    12 |     3 |     3 ||    22
 Stab: Sleeping          |       |     5 |     4 |    11 |    24 |    10 ||    54
       Distracted        |       |       |     1 |     3 |     2 |       ||     6
       Invisible         |       |       |       |     4 |       |       ||     4
       Betrayed ally     |       |       |       |     2 |       |       ||     2
Armor: Leather armour    |    38 |    37 |   131 |   296 |    22 |       ||   524
       Chain mail        |       |       |       |    21 |       |       ||    21
       Ice dragon scales |       |       |       |       |   659 |   212 ||   871
Dodge: Dodged            |    81 |   104 |   187 |   515 |   577 |   152 ||  1616
Block: Buckler           |       |    30 |    66 |   194 |   421 |   173 ||   884
       Rpst.: Falchion   |    19 |    43 |    12 |       |       |       ||    74
